 Dungeon Crawl Stone Soup version 0.20.1-1-g8b1a95d (webtiles) character file.

660 equalderp2856 the Shield-Bearer (level 7, -13/60 HPs)
             Began as a Minotaur Fighter on Aug 19, 2017.
             Mangled by an ogre
             ... wielding a +0 giant spiked club
              (16 damage)
             ... on level 4 of the Dungeon.
             The game lasted 00:05:39 (3473 turns).

equalderp2856 the Shield-Bearer (Minotaur Fighter)  Turns: 3473, Time: 00:05:43

Health: -13/60     AC: 13    Str: 20    XL:     7   Next: 30%
Magic:  6/6        EV:  6    Int:  5    God:
Gold:   190        SH: 10    Dex: 12    Spells: 6/6 levels left

rFire    . . .     SeeInvis .   a - +0 war axe
rCold    . . .     Gourm    .   c - +0 shield
rNeg     . . .     Faith    .   m - +0 chain mail
rPois    .         Spirit   .   (helmet restricted)
rElec    .         Reflect  .   (no cloak)
rCorr    .         Harm     .   D - +1 pair of gloves
MR       .....                  q - +0 pair of boots
Stlth    ..........             (no amulet)
Regen    0.2/turn               (no ring)
MPRegen  0.1/turn               (no ring)

@: no status effects
A: retaliatory headbutt, horns 2
a: no special abilities


You were on level 4 of the Dungeon.
You were not hungry.

You visited 2 branches of the dungeon, and saw 5 of its levels.

You collected 190 gold pieces.

Inventory:

Hand Weapons
 a - a +0 war axe (weapon)
 u - a +0 trident
 x - a +0 blowgun
Missiles
 l - 22 bolts
 t - 22 poisoned needles
Armour
 b - a +0 scale mail
 c - a +0 shield (worn)
 m - a +0 chain mail (worn)
 q - a +0 pair of boots (worn)
 D - a +1 pair of gloves (worn)
Jewellery
 g - an uncursed amulet of inaccuracy
Wands
 w - a wand of random effects (15/48)
Scrolls
 e - a scroll of immolation
 h - 2 scrolls of identify
 n - a scroll of recharging {unknown}
 p - 2 scrolls of amnesia {unknown}
 r - 2 scrolls of remove curse
 v - a scroll of enchant weapon {unknown}
 y - a scroll of enchant armour {unknown}
 B - a scroll of teleportation
 C - a scroll of magic mapping {unknown}
Potions
 d - a potion of might
 j - a potion of flight {unknown}
 k - a potion of invisibility {unknown}
 o - a potion of heal wounds
 s - a potion of curing {unknown}
 z - a potion of resistance {unknown}
Comestibles
 f - 2 bread rations
 i - 2 meat rations
 A - a royal jelly
 E - 3 chunks of flesh


   Skills:
 + Level 4.8 Fighting
 + Level 5.3 Axes
 + Level 6.0 Armour
 + Level 1.9 Dodging
 + Level 0.1 Stealth
 + Level 6.3 Shields
 + Level 0.1 Evocations


You had 6 spell levels left.
You didn't know any spells.

Dungeon Overview and Level Annotations

Branches:
Dungeon (4/15)             Temple (1/1) D:4

Altars:
Dithmenos


Innate Abilities, Weirdness & Mutations

You reflexively headbutt those who attack you in melee.
You have a pair of horns on your head.


Message History

The gnoll closely misses you.
The gnoll throws a throwing net.
The throwing net hits you.
You become entangled in the net!
There is a huge open gate here.
You see here a throwing net.
You struggle against the net.
You struggle against the net.
The gnoll hits you.
* * * LOW HITPOINT WARNING * * *
You rip the net and break free!
The gnoll hits you but does no damage.
The gnoll throws a throwing net.
The throwing net hits you.
You become entangled in the net!
You see here a throwing net.
You tear a large gash into the net.
The ogre hits you but does no damage.
You shred the net and break free! You block the gnoll's attack.
The gnoll hits you from afar with a spear.
* * * LOW HITPOINT WARNING * * *
The gnoll hits you with a club.
* * * LOW HITPOINT WARNING * * *
The ogre hits you with a giant spiked club!
You die...

#)..................#
#.............).....#
#..................##
####...).............#####
..........................
≈≈≈≈≈≈≈....≈≈≈≈≈≈≈≈≈≈≈≈≈≈≈
≈≈≈≈≈≈≈....≈≈≈≈≈≈≈≈≈≈≈≈≈≈≈
≈≈≈≈≈≈≈....≈≈≈≈≈≈≈≈≈≈≈≈###
.........@.............#..
#######'gOg#############))
.....#...g#...........#)#
.....'....)...........'.#
.....#....#...........#.#
#######################.#
..[....+.#...)..#
......g#.#...)g.#
...gg#.##g###.#


You could see an ogre and 3 gnolls.

Vanquished Creatures
  An ogre (Temple)
  2 scorpions (D:4)
  3 gnoll shamans (D:4)
  2 worker ants (D:4)
  A hound zombie (D:4)
  2 adders (D:4)
  23 gnolls (D:4)
  A shadow imp (D:4)
  An ooze (D:2)
  An adder skeleton (D:4)
  3 dart slugs
  3 leopard geckos
  An orc (D:3)
  9 bats
  2 giant cockroaches
  8 goblins
  4 hobgoblins
  8 jackals
  5 kobolds
  3 quokkas
  A ball python (D:2)
  3 frilled lizards
  7 rats
94 creatures vanquished.

Notes
Turn   | Place    | Note
-------+----------+-------------------------------------------
     0 | D:1      | equalderp2856 the Minotaur Fighter began the quest for the Orb.
     0 | D:1      | Reached XP level 1. HP: 19/19 MP: 0/0
    99 | D:1      | Reached XP level 2. HP: 20/27 MP: 1/1
   472 | D:1      | Reached XP level 3. HP: 33/33 MP: 2/2
  1496 | D:3      | Reached XP level 4. HP: 31/40 MP: 3/3
  1926 | D:4      | Reached skill level 5 in Shields
  1926 | D:4      | Reached XP level 5. HP: 15/46 MP: 4/4
  2415 | D:4      | Found a staircase to the Ecumenical Temple.
  2479 | D:4      | Reached skill level 1 in Dodging
  2620 | D:4      | Reached skill level 5 in Armour
  2627 | D:4      | Noticed an ogre
  2644 | Temple   | Entered the Ecumenical Temple
  2656 | Temple   | Killed an ogre
  2656 | Temple   | Reached XP level 6. HP: 33/53 MP: 5/5
  2827 | D:4      | Found a shadowy altar of Dithmenos.
  3346 | D:4      | Reached skill level 5 in Axes
  3350 | D:4      | Reached XP level 7. HP: 49/60 MP: 6/6
  3473 | D:4      | HP: 3/60 [gnoll/club (2)]
  3473 | D:4      | Mangled by an ogre

Skill      XL: |  1  2  3  4  5  6  7 |
---------------+----------------------+-----
Fighting       | 4 |  4.8
Armour         | 4 5 6 |  6.0
Shields        | 4 5 6 |  6.3
Axes           | 3 4 5 |  5.3
Dodging        | 1 |  1.9
Stealth        | |  0.1
Evocations     | |  0.1

Action                   |  1- 3 |  4- 6 |  7- 9 || total
-------------------------+-------+-------+-------++-------
Melee: War axe           |   197 |   155 |    31 ||   383
       Headbutt          |    16 |    21 |     6 ||    43
Evoke: Wand              |       |     1 |       ||     1
  Use: Scroll            |       |     4 |       ||     4
       Potion            |       |     1 |       ||     1
  Eat: Chunk             |     2 |     6 |     1 ||     9
Armor: Scale mail        |    38 |       |       ||    38
       Chain mail        |    55 |   106 |    30 ||   191
Dodge: Dodged            |    63 |    42 |    20 ||   125
Block: Shield            |   141 |   115 |    31 ||   287
